 Dungeon Crawl Stone Soup version 0.25-a0-1073-gf4359a17dd (webtiles) character file.

Game seed: 8123000791823090834, levelgen mode: classic

17027 Amnesiac the Fighter (level 12, -6/132 HPs)
             Began as an Ogre Wizard on May 14, 2020.
             Was a High Priest of Okawaru.
             Killed by divine providence
             ... invoked by a smoke demon
             ... summoned by Frances
              (11 damage)
             ... on level 12 of the Dungeon.
             The game lasted 00:50:24 (17540 turns).

Amnesiac the Fighter (Ogre Wizard)                 Turns: 17540, Time: 00:50:25

Health: -6/132     AC: 14    Str: 14    XL:     12   Next: 43%
Magic:  0/19       EV:  8    Int: 20    God:    Okawaru [*****.]
Gold:   1315       SH:  0    Dex: 10    Spells: 8/21 levels left

rFire    + . .     SeeInvis .   a - +4 giant club
rCold    + . .     Gourm    .   (shield currently unavailable)
rNeg     . . .     Faith    .   q - +0 swamp dragon scales
rPois    +         Spirit   +   c - +2 hat
rElec    +         Reflect  .   w - +2 cloak
rCorr    +         Harm     .   (gloves unavailable)
MR       ++...                  (boots unavailable)
Stlth    ..........             g - amulet of guardian spirit
HPRegen  0.32/turn              y - ring of protection from magic
MPRegen  0.16/turn              (no ring)

@: confused, resistant, drained
A: large, unfitting armour, tough skin 1
a: Heroism, Finesse, Renounce Religion


You were on level 12 of the Dungeon.
You worshipped Okawaru.
Okawaru was extremely pleased with you.
You were not hungry.

You visited 3 branches of the dungeon, and saw 16 of its levels.

You collected 1747 gold pieces.
You spent 432 gold pieces at shops.

Inventory:

Hand Weapons
 a - a +4 giant club (weapon)
 b - a +0 dire flail of venom
Missiles
 m - 24 poisoned darts (quivered)
Armour
 c - a +2 hat (worn)
 i - a +0 tower shield
 q - +0 swamp dragon scales (worn)
 w - a +2 cloak (worn)
Jewellery
 g - an amulet of guardian spirit (around neck)
 y - a ring of protection from magic (left hand)
Wands
 h - a wand of acid (10)
 l - a wand of flame (7)
 o - a wand of polymorph (15)
 r - a wand of paralysis (5)
 t - a wand of random effects (16)
 x - a wand of iceblast (14)
Scrolls
 e - 4 scrolls of fog {!r}
 f - 4 scrolls of remove curse {!r}
 k - 2 scrolls of teleportation {!r}
 n - 2 scrolls of magic mapping {!r}
 p - 2 scrolls of identify {!r}
Potions
 j - a potion of haste {!q}
 u - a potion of flight {!q}
 z - a potion of berserk rage {!q}
 A - 2 potions of lignification {!q}
 B - a potion of might {!q}
 D - 2 potions of brilliance {!q}
Comestibles
 d - 23 rations


   Skills:
 + Level 11.8(11.0) Fighting
 * Level 11.8(11.0) Maces & Flails
 + Level 5.2(4.4) Armour
 - Level 2.0(1.3) Dodging
 - Level 2.0(1.3) Stealth
 - Level 0.2(0.0) Shields
 - Level 5.0(4.2) Spellcasting
 - Level 5.0(4.2) Conjurations
 - Level 0.8(0.2) Summonings
 - Level 0.8(0.2) Translocations
 + Level 6.4(5.7) Invocations
 - Level 4.0(3.2) Evocations


You had 8 spell levels left.
You knew the following spells:

 Your Spells              Type           Power        Failure   Level  Hunger
a - Magic Dart            Conj           ###.         4%          1    None
b - Call Imp              Summ           #.......     32%         2    #......
e - Mephitic Cloud        Conj/Pois/Air  #.......     38%         3    ###....
s - Conjure Flame         Conj/Fire      ##......     30%         3    ###....
v - Blink                 Tloc           N/A          32%         2    #......
w - Slow                  Hex            #.......     36%         2    #......

Your spell library contained the following spells:

 Spells                   Type           Power        Failure   Level  Hunger
 Searing Ray              Conj           ###...       6%          2    #......
 Foxfire                  Conj/Fire      ##..         10%         1    None
 Dazzling Flash           Conj/Hex       ##....       30%         3    ###....
 Sublimation of Blood     Necr           #.........   36%         2    #......
 Iskenderun's Mystic Bla  Conj/Tloc      ##......     67%         4    ####...
 Fulminant Prism          Conj/Hex       ##........   69%         4    ####...
 Sticky Flame             Conj/Fire      ##......     69%         4    ####...
 Bolt of Magma            Conj/Fire/Erth #.........   98%         5    ######.
 Conjure Ball Lightning   Conj/Air       ##........   100%        6    #######


Dungeon Overview and Level Annotations

Branches:
Dungeon (13/15)            Temple (1/1) D:5            Lair (0/6) D:8
    Orc (2/2) D:10            Elf (0/3) Orc:2
 Vaults: D:13-14

Altars:
Ashenzari
Cheibriados
Dithmenos
Elyvilon
Fedhas
Gozag
Hepliaklqana
Kikubaaqudgha
Makhleb
Nemelex Xobeh
Okawaru
Qazlal
Ru
Sif Muna
Trog
Uskayaw
Vehumet
Wu Jian
Xom
Yredelemnul
Zin
The Shining One

Shops:
D:3 *   D:10 !(}!

Annotations:
D:7 1 transporter
D:8 1 runed translucent door, ra1n577's ghost, novice MiFi
D:11 1 runed translucent door
D:12 Frances


Innate Abilities, Weirdness & Mutations

You are too large for most types of armour.
You have tough skin. (AC +1)


Message History

Confirm with . or Enter, or press ? or * to list all spells.
You don't have enough magic to cast that spell.
The sixfirhy closely misses you. The sixfirhy hits you.
* * * LOW HITPOINT WARNING * * *
The sixfirhy shocks you!
* * * LOW HITPOINT WARNING * * *
The sixfirhy hits you.
* * * LOW HITPOINT WARNING * * *
The sixfirhy shocks you!
* * * LOW HITPOINT WARNING * * *
Frances hits you from afar with a +0 halberd!
* * * LOW HITPOINT WARNING * * *
The sixfirhy barely misses you.
Really quaff
v - a potion of heal wounds {!q}?
You feel much better. Frances hits you but does no damage.
Really quaff
E - a potion of resistance {!q}?
You feel protected.
Frances hits you from afar with a +0 halberd!
* * * LOW HITPOINT WARNING * * *
Casting: Blink (mildly dangerous; 32% risk of failure)
Confirm with . or Enter, or press ? or * to list all spells.
You don't have enough magic to cast that spell.
Okay, then.
Okay, then.
The sixfirhy hits you but does no damage.
The sixfirhy hits you.
* * * LOW HITPOINT WARNING * * *
The sixfirhy shocks you. You resist.
* * * LOW HITPOINT WARNING * * *
The sixfirhy hits you.
* * * LOW HITPOINT WARNING * * *
The sixfirhy shocks you. You resist.
* * * LOW HITPOINT WARNING * * *
The sixfirhy hits you but does no damage. x3
Unknown command.
Really quaff
C - a potion of ambrosia {!q}?
You are confused.
You feel invigorated. The sixfirhy barely misses you.
Frances hits you from afar with a +0 halberd.
* * * LOW HITPOINT WARNING * * *
You bump into the rock wall.
Frances is no longer moving quickly.
Frances closely misses you. The smoke demon gestures at you.
Something smites you!
* * * LOW HITPOINT WARNING * * *
Frances screams a word of power!
Frances seems to speed up.
You hear a shout!
You bump into the rock wall.
The sixfirhy hits you.
* * * LOW HITPOINT WARNING * * *
The sixfirhy shocks you. You resist.
* * * LOW HITPOINT WARNING * * *
The sixfirhy hits you.
* * * LOW HITPOINT WARNING * * *
The sixfirhy shocks you. You resist.
* * * LOW HITPOINT WARNING * * *
The sixfirhy hits you!
* * * LOW HITPOINT WARNING * * *
The sixfirhy shocks you. You resist.
* * * LOW HITPOINT WARNING * * *
The sixfirhy barely misses you. The smoke demon gestures at you.
Something smites you!
You die...

....#.#.#....#.#..
#####.#.#.##.#.#.# ###
#####.#.#.##.#.#.## ..
.......(..........## .#
#######.#.##.#.#.3.###.###
........#.#.....o........#
#########.####.#@#.#.....#
... ... ...#3#oo3....# ###
#.######@##..#.### #^#
#.##..#.# .# #.##93# #
#.....#F# .....9#3#
#.....#.# .........
..######. .. ..


You could see Frances (fast), a sixfirhy (summoned), a smoke demon (summoned)
and an orc wizard (fast).

Vanquished Creatures
  Nessos (Orc:2)
  A hydra (D:10)
  2 two-headed ogres
  2 orc high priests (Orc:2)
  An unseen horror (D:11)
  4 orc knights
  A manticore (D:12)
  An orc sorcerer (Orc:2)
  Maurice (D:9)
  Maggie (D:7)
  2 trolls
  A hornet (D:9)
  A hippogriff (D:11)
  A spriggan (D:10)
  2 steam dragons
  2 wargs (Orc:2)
  An acid dragon (D:11)
  A water moccasin (D:10)
  18 orc warriors
  4 sky beasts
  A swamp drake (D:10)
  2 black bears
  An eye of draining (D:11)
  4 phantoms
  9 ogres
  A centaur (D:8)
  9 bullfrogs
  4 scorpions
  3 killer bees
  9 wights
  2 howler monkeys
  3 bullfrog zombies
  2 crimson imps
  3 hounds
  2 centaur zombies
  A quasit (D:8)
  4 jellies
  A centaur skeleton (D:11)
  19 orc priests
  A gnoll shaman (D:5)
  2 bullfrog skeletons
  10 iguanas
  30 orc wizards
  6 worker ants
  A killer bee zombie (D:6)
  A hound skeleton (D:8)
  13 adders
  5 gnolls (D:5)
  A shadow imp (D:4)
  An ooze (D:3)
  An adder skeleton (D:4)
  3 worms (D:2)
  3 dart slugs
  5 leopard geckos
  69 orcs
  16 giant cockroaches
  9 goblins
  4 hobgoblins
  5 jackals
  6 quokkas
  3 ball pythons
  A ball python skeleton (D:3)
  5 bats
  2 frilled lizards
  2 jackal skeletons
  8 kobolds
  A quokka skeleton (D:5)
  8 rats
350 creatures vanquished.

Vanquished Creatures (others)
  An unseen horror (D:12)
  A human (D:3)
  A fungus (D:8)
3 creatures vanquished.

Grand Total: 353 creatures vanquished

Notes
Turn   | Place    | Note
-------+----------+-------------------------------------------
     0 | D:1      | Amnesiac the Ogre Wizard began the quest for the Orb.
     0 | D:1      | Reached XP level 1. HP: 16/16 MP: 5/5
   100 | D:2      | Reached skill level 1 in Conjurations
   223 | D:2      | Found a blossoming altar of Fedhas.
   371 | D:3      | Found Zin's Purification Station.
   371 | D:3      | Found a glowing silver altar of Zin.
   399 | D:2      | Reached XP level 2. HP: 16/24 MP: 4/6
   772 | D:3      | Reached XP level 3. HP: 30/31 MP: 8/8
   776 | D:3      | Learned a level 2 spell: Blink
   779 | D:3      | Learned a level 2 spell: Call Imp
   786 | D:3      | Learned a level 3 spell: Mephitic Cloud
   832 | D:3      | Found a bloodstained altar of Trog.
  1276 | D:3      | Found an ancient bone altar of Kikubaaqudgha.
  1276 | D:3      | Noticed a human
  1278 | D:3      | Killed a human
  1536 | D:3      | Reached XP level 4. HP: 17/39 MP: 8/10
  2034 | D:4      | Reached XP level 5. HP: 29/45 MP: 2/11
  2551 | D:4      | Reached skill level 5 in Spellcasting
  2551 | D:4      | Reached XP level 6. HP: 29/53 MP: 4/13
  2675 | D:4      | Noticed a phantom
  2762 | D:4      | Killed a phantom
  2867 | D:4      | Reached skill level 5 in Conjurations
  2872 | D:4      | Learned a level 3 spell: Conjure Flame
  2875 | D:4      | Learned a level 2 spell: Slow
  3038 | D:4      | Reached skill level 1 in Evocations
  3086 | D:4      | Reached XP level 7. HP: 55/59 MP: 7/14
  3719 | D:5      | Entered Level 5 of the Dungeon
  3719 | D:5      | Found a blossoming altar of Fedhas.
  4194 | D:5      | Found a shattered altar of Ashenzari.
  4227 | D:5      | Reached skill level 1 in Fighting
  4227 | D:5      | Reached skill level 1 in Maces & Flails
  4720 | D:5      | Reached XP level 8. HP: 42/72 MP: 11/15
  5035 | D:5      | Found a staircase to the Ecumenical Temple.
  5041 | D:5      | Identified the Papyrus of Doomed Conjuration
  5125 | Temple   | Entered the Ecumenical Temple
  5268 | Temple   | Became a worshipper of Warmaster Okawaru
  7211 | D:6      | Reached skill level 5 in Fighting
  7211 | D:6      | Reached skill level 5 in Maces & Flails
  7361 | D:6      | Reached * piety under Okawaru
  7361 | D:6      | Reached XP level 9. HP: 57/88 MP: 14/16
  7990 | D:7      | Found a transporter.
  8035 | D:7      | Found a transporter.
  8324 | D:7      | Found a sparkling altar of Nemelex Xobeh.
  9011 | D:8      | Noticed a two-headed ogre
  9351 | D:8      | Noticed Maggie
  9782 | D:7      | Killed a two-headed ogre
  9782 | D:7      | Reached ** piety under Okawaru
 10083 | D:7      | Reached XP level 10. HP: 47/104 MP: 7/17
 10466 | D:7      | Killed Maggie
 10604 | D:8      | Found a runed translucent door.
 10604 | D:8      | Noticed ra1n577's ghost (novice MiFi)
 10699 | D:8      | Found a staircase to the Lair.
 10998 | D:9      | Reached *** piety under Okawaru
 11095 | D:9      | Reached skill level 1 in Armour
 11352 | D:9      | Noticed a two-headed ogre
 11371 | D:9      | Killed a two-headed ogre
 11371 | D:9      | Reached **** piety under Okawaru
 11371 | D:9      | Reached skill level 1 in Invocations
 11661 | D:9      | Noticed Maurice
 11683 | D:9      | Killed Maurice
 12051 | D:10     | Entered Level 10 of the Dungeon
 12051 | D:10     | Found Yreelieh's Distillery.
 12254 | D:10     | Found Tyc Mueng's Gadget Emporium.
 12263 | D:10     | Found Woeffuz's Weapon Shop.
 12343 | D:10     | Bought a potion of might for 60 gold pieces
 12343 | D:10     | Bought a potion of ambrosia for 120 gold pieces
 12343 | D:10     | Bought a potion of brilliance for 60 gold pieces
 12525 | D:10     | Reached XP level 11. HP: 117/117 MP: 18/18
 12623 | D:10     | Noticed a four-headed hydra
 12674 | D:10     | Reached skill level 10 in Fighting
 12674 | D:10     | Reached skill level 10 in Maces & Flails
 12754 | D:10     | Found Uxa Peon's Distillery.
 12765 | D:10     | Bought a potion of berserk rage for 60 gold pieces
 12765 | D:10     | Bought a potion of heal wounds for 60 gold pieces
 12765 | D:10     | Bought a potion of lignification for 36 gold pieces
 12765 | D:10     | Bought a potion of lignification for 36 gold pieces
 12769 | D:10     | Killed a four-headed hydra
 12822 | D:10     | Found a staircase to the Orcish Mines.
 13184 | Orc:1    | Entered Level 1 of the Orcish Mines
 13224 | Orc:1    | Noticed an orc knight
 13248 | Orc:1    | Killed an orc knight
 13248 | Orc:1    | Reached ***** piety under Okawaru
 13407 | Orc:2    | Entered Level 2 of the Orcish Mines
 13424 | Orc:2    | Received a gift from Okawaru
 13450 | Orc:2    | Got a slimy hat {god gift}
 13461 | Orc:2    | Identified the +0 hat of Couravik {MR+ Int-2 Dex+4}
                  | (Okawaru gifted it to you on level 2 of the Orcish Mines)
 13931 | Orc:2    | Noticed an orc sorcerer
 13953 | Orc:2    | Killed an orc sorcerer
 14193 | Orc:2    | Noticed an orc sorcerer
 14507 | Orc:2    | Found a staircase to the Elven Halls.
 14516 | Orc:2    | Noticed Nessos
 14531 | Orc:2    | Killed Nessos
 14560 | Orc:2    | Noticed an orc high priest
 14577 | Orc:2    | Noticed a sixfirhy
 14583 | Orc:2    | Killed an orc high priest
 14583 | Orc:2    | Reached skill level 5 in Invocations
 14653 | Orc:2    | Noticed an orc knight
 14688 | Orc:2    | Killed an orc knight
 15093 | Orc:2    | Noticed an orc high priest
 15141 | Orc:2    | Noticed an orc knight
 15174 | Orc:2    | Killed an orc knight
 15345 | Orc:2    | Killed an orc high priest
 15345 | Orc:2    | Reached XP level 12. HP: 120/130 MP: 8/19
 15515 | Orc:2    | Noticed an orc warlord
 16059 | D:11     | You fall into a shaft and drop 2 floors!
 16105 | D:12     | Reached skill level 5 in Armour
 16885 | D:11     | Found a glowing golden altar of the Shining One.
 16886 | D:11     | Found a runed translucent door.
 16886 | D:11     | Noticed an angel
 17512 | D:12     | Noticed Frances
 17532 | D:12     | HP: 3/132 [Frances/+0 halberd (7)]
 17540 | D:12     | HP: 6/132 [sixfirhy[Frances] (6)]
 17540 | D:12     | Killed from afar by a smoke demon

Illustrated notes

Levels and vault maps discovered:
D:1:      dpeg_arrival_tiny_c, layout_basic
D:2:      layout_loops_ring, fedhas_altar_3
D:3:      minmay_roachtagon, layout_rooms, zin_purify, bloody_trog,
          tgw_kikubaaqudgha
D:4:      minmay_opposing_rooms, layout_basic
D:5:      layout_gridville, lemuel_doored_altar, minmay_temple_entry_offerings,
          first_ration, mrwooster_statue_mirror, st_stairs_12,
          lemuel_altar_in_water2
D:6:      layout_loops_corners
D:7:      gammafunk_cloud_chamber, layout_loops_ring,
          nemelex_xobeh_ov_fountains_minmay
D:8:      layout_rooms, dpeg_oklobed_lair, gammafunk_ghost_grave, uniq_maggie
D:9:      layout_basic, uniq_maurice
D:10:     layout_cave_pools, erik_orc_1, serial_shops, shop_fountains,
          nicolae_shop_window_shopping, shop, shop, grunt_pizzeria,
          item_on_display_b
D:11:     layout_stronghold, serial_co_window_serial, co_window_corner_a,
          co_window_corner_a, co_window_paths_b, co_window_corner_a,
          co_window_cross_1, co_window_cross_3, co_window_of_opportunity_c,
          co_window_corner_b, co_window_of_opportunity_c,
          co_window_of_opportunity_c, co_window_2corner, co_window_paths_e,
          glass_columns_a, glass_columns_a, lemuel_angel_altar
D:12:     layout_basic, uniq_frances, uniq_urug
D:13:     layout_roguey, basic_altar, uniq_josephine
Temple:   regret_index_temple_mists
Orc:1:    layout_caves
Orc:2:    grunt_orc_cross, layout_caves, uniq_nessos

Skill      XL: |  1  2  3  4  5  6  7  8  9 10 11 12 |
---------------+-------------------------------------+-----
Conjurations   | 1 2 3 4 5 |  5.0
Dodging        | 2 |  2.0
Spellcasting   | 4 5 |  5.0
Stealth        | 2 |  2.0
Evocations     | 1 4 |  4.0
Fighting       | 2 5 8 9 11 | 11.8
Maces & Flails | 2 5 8 9 11 | 11.8
Armour         | 2 4 5 |  5.2
Invocations    | 2 5 6 |  6.4
Shields        | |  0.2
Summonings     | |  0.8
Translocations | |  0.8

Action                   |  1- 3 |  4- 6 |  7- 9 | 10-12 || total
-------------------------+-------+-------+-------+-------++-------
Melee: Mace              |   140 |    94 |    24 |       ||   258
       Dagger            |     7 |    25 |       |       ||    32
       Giant club        |       |       |   340 |   196 ||   536
       Dire flail        |       |       |       |   477 ||   477
 Cast: Magic Dart        |     3 |    71 |   119 |    25 ||   218
       Call Imp          |     1 |     2 |     7 |     1 ||    11
       Mephitic Cloud    |       |     3 |    20 |    15 ||    38
       Slow              |       |     3 |       |       ||     3
       Conjure Flame     |       |       |     2 |     2 ||     4
       Blink             |       |       |     1 |     3 ||     4
Evoke: Wand              |       |       |       |     6 ||     6
  Use: Scroll            |       |       |    16 |     5 ||    21
       Potion            |       |       |     9 |     6 ||    15
 Stab: Sleeping          |     1 |       |     5 |       ||     6
       Paralysed         |       |       |       |     9 ||     9
       Confused          |       |       |       |     8 ||     8
  Eat: Chunk             |     2 |     6 |    20 |    22 ||    50
       Ration            |       |       |     2 |       ||     2
Armor: Robe              |    84 |    41 |   245 |     3 ||   373
       Swamp dragon scal |       |       |       |   355 ||   355
Dodge: Dodged            |   113 |    61 |   254 |   252 ||   680
Block: Tower shield      |     1 |       |       |       ||     1

Table legend:
 A = Non-vault XP
 B = Vault XP
 C = Vault XP percentage of total XP
 D = Non-vault monster count
 E = Vault monster count
 F = Vault count percentage of total count
                 A         B        C        D         E       F
            +---------+---------+-------+---------+---------+-------
      Total |   16580 |    7745 |  31.8 |     294 |      56 |  16.0
            +---------+---------+-------+---------+---------+-------
        D:1 |      33 |       0 |   0.0 |      18 |       0 |   0.0
        D:2 |      52 |      14 |  21.2 |      18 |       7 |  28.0
        D:3 |     196 |       4 |   2.0 |      29 |       2 |   6.5
        D:4 |     573 |      58 |   9.2 |      22 |       7 |  24.1
        D:5 |     842 |      21 |   2.4 |      28 |       2 |   6.7
        D:6 |     666 |       0 |   0.0 |      14 |       0 |   0.0
        D:7 |    2132 |     357 |  14.3 |      18 |       1 |   5.3
        D:8 |     925 |       0 |   0.0 |      17 |       0 |   0.0
        D:9 |    2141 |     480 |  18.3 |      16 |       1 |   5.9
       D:10 |    1722 |     771 |  30.9 |      19 |      18 |  48.6
       D:11 |    2688 |       0 |   0.0 |      30 |       0 |   0.0
       D:12 |    1269 |       0 |   0.0 |       9 |       0 |   0.0
      Orc:1 |     812 |     137 |  14.4 |       8 |       1 |  11.1
      Orc:2 |    2529 |    5903 |  70.0 |      48 |      17 |  26.2
            +---------+---------+-------+---------+---------+-------
